 Dungeon Crawl Stone Soup version 0.28.0-43-g3370ac3207 (webtiles) character file.

Game seed: 12307319142322687994

9375 Cykl0x the Destroyer (level 11, -6/61 HPs)
             Began as a Gargoyle Earth Elementalist on Mar 5, 2022.
             Was a Priest of Vehumet.
             Mangled by a shadow (31 damage)
             ... on level 12 of the Dungeon.
             The game lasted 00:22:03 (15133 turns).

Cykl0x the Destroyer (Gargoyle Earth Elementalist) Turns: 15133, Time: 00:22:03

Health: -6/61      AC: 14    Str: 13    XL:     11   Next: 45%
Magic:  5/23       EV: 12    Int: 19    God:    Vehumet [***...]
Gold:   346        SH:  5    Dex: 10    Spells: 21/26 levels left

rFire   . . .      SeeInvis .   s - +0 scimitar
rCold   . . .      Faith    .   (no shield)
rNeg    + . .      Spirit   .   t - +0 steam dragon scales
rPois   ∞          Reflect  +   v - +0 helmet
rElec   +          Harm     .   (no cloak)
rCorr   +          Rampage  .   (no gloves)
Will    .....                   (no boots)
Stlth   ++........              r - amulet of reflection
HPRegen 0.20/turn               f - ring of resist corrosion
MPRegen 0.18/turn               (no ring)

@: no status effects
A: sickness immunity, AC +8, negative energy resistance 1, electricity
resistance, torment resistance 1, petrification resistance
a: Renounce Religion


You were on level 12 of the Dungeon.
You worshipped Vehumet.
Vehumet was most pleased with you.
You visited 2 branches of the dungeon, and saw 13 of its levels.
You also visited: Bailey.

You collected 684 gold pieces.
You spent 338 gold pieces at shops.

Inventory:

Hand Weapons
 s - a +0 scimitar (weapon)
 u - a +0 dagger of venom
 z - a +2 dagger of speed
Missiles
 c - 411 stones
Armour
 b - a +0 robe
 p - a +2 ring mail of willpower
 t - +0 steam dragon scales (worn)
 v - a +0 helmet (worn)
Jewellery
 f - a ring of resist corrosion (left hand)
 r - an amulet of reflection (around neck)
Wands
 e - a wand of iceblast (9)
 y - a wand of polymorph (5)
Scrolls
 h - a scroll of teleportation
 l - 2 scrolls of amnesia
 A - a scroll of immolation
 C - 3 scrolls of blinking {unknown}
Potions
 a - 3 potions of brilliance
 d - 4 potions of curing
 g - 2 potions of lignification
 i - 3 potions of mutation
 j - 3 potions of heal wounds
 k - 3 potions of resistance
 m - 3 potions of magic {unknown}
 n - 6 potions of haste {unknown}
 o - 2 potions of cancellation
 q - a potion of attraction {unknown}
 w - 2 potions of invisibility {unknown}
 x - 3 potions of might {unknown}
 B - a potion of flight {unknown}


   Skills:
 * Level 4.2 Fighting
 + Level 3.2 Long Blades
 * Level 2.9 Armour
 + Level 3.8 Dodging
 - Level 2.1 Stealth
 + Level 1.9 Shields
 + Level 8.3 Spellcasting
 + Level 11.0 Conjurations
 + Level 0.7 Transmutations
 + Level 10.7 Earth Magic


You had 21 spell levels left.
You knew the following spells:

 Your Spells              Type           Power      Damage    Failure   Level
a - Sandblast             Erth           96%        2d20      1%          1
b - Stone Arrow           Conj/Erth      98%        3d13      1%          3
c - Magic Dart            Conj           100%       1d8       1%          1

Your spell library contained the following spells:

 Spells                   Type           Power      Damage    Failure   Level
 Frozen Ramparts          Ice            14%        1d3       7%          3
 Foxfire                  Conj/Fire      100%       2x1d9     1%          1
 Passwall                 Tmut/Erth      24%        N/A       1%          2
 Searing Ray              Conj           98%        2d8       1%          2
 Conjure Flame            Conj/Fire      28%        6-21      1%          3
 Freeze                   Ice            28%        1d5       2%          1
 Flame Wave               Conj/Fire      28%        2d8       2%          4
 Fulminant Prism          Conj/Hex       14%        3d9       2%          4
 Hailstorm                Conj/Ice       28%        3d8       2%          4
 Inner Flame              Hex/Fire       7%         N/A       7%          3
 Slow                     Hex            28%        N/A       9%          1
 Petrify                  Tmut/Erth      29%        N/A       9%          4
 Confusing Touch          Hex            7%         N/A       26%         3
 Vampiric Draining        Necr           7%         2d6       26%         3


Dungeon Overview and Level Annotations

Branches:
Dungeon (12/15)            Temple (1/1) D:5            Lair (0/6) D:11
    Orc (0/2) D:9          Bailey (visited)

Altars:
Ashenzari
Cheibriados
Elyvilon
Fedhas
Gozag
Kikubaaqudgha
Makhleb
Okawaru
Qazlal
Ru
Sif Muna
Trog
Uskayaw
Vehumet
Xom
Yredelemnul
The Shining One

Shops:
D:4 =   D:5 *   D:7 (!   D:8 [   D:9 *=   D:12 =

Annotations:
D:12 exclusion: obsidian statue


Innate Abilities, Weirdness & Mutations

You are immune to sickness and miasma.
Your stone body is resilient. (AC +8)
You are immune to poison.
You resist negative energy. (rN+)
You are resistant to electric shocks. (rElec)
You are resistant to unholy torment.
You are immune to petrification.


Message History

The stone arrow hits the howler monkey!!
You kill the howler monkey!
Vehumet accepts your kill.
The stone arrow hits the seven-headed hydra!
The seven-headed hydra is moderately wounded.
The shadow strikes at you from the darkness!
Reactivating autopickup.
The howler monkey hoots and howls with incredible vigour!
You hear an angry hiss.
The stone arrow hits the seven-headed hydra!!
The seven-headed hydra is heavily wounded.
You block the shadow's attack.
The seven-headed hydra closely misses you.
The seven-headed hydra bites you but does no damage.
The seven-headed hydra misses you.
The seven-headed hydra bites you but does no damage.
The seven-headed hydra barely misses you.
The seven-headed hydra bites you. The seven-headed hydra misses you.
The stone arrow hits the seven-headed hydra!
The seven-headed hydra is severely wounded.
The shadow slips into darkness.
The shadow flickers and vanishes!
Deactivating autopickup; reactivate with Ctrl-A.
The seven-headed hydra bites you. The seven-headed hydra bites you!
The seven-headed hydra bites you but does no damage.
The seven-headed hydra barely misses you. x2
The seven-headed hydra bites you.
The seven-headed hydra bites you but does no damage.
Casting: Stone Arrow (safe; 1% risk of failure)
Confirm with . or Enter, or press ? or * to list all spells.
Aiming: Stone Arrow (safe; 1% risk of failure)
Press: ? - help, Shift-Dir - straight line, f/p - seven-headed hydra
Aim: a seven-headed hydra (severely wounded, 92% to hit)
The stone arrow hits the seven-headed hydra!!
You kill the seven-headed hydra!
Vehumet accepts your kill.
You feel your power returning.
The shadow strikes at you from the darkness!
Ouch! That really hurt!
You die...

### ... ..# #..
...######.#
#.........###
............#
.......#...####.
.......†@>......
####h#{######..
#.JJ# #.#.#
#.#.###
#<#...####
#........#
#........#
#........#


You could see 2 large slime creatures and a howler monkey.

Vanquished Creatures
  A hydra (D:12)
  Pikel (D:8)
  A cyclops (D:11)
  Joseph (D:8)
  A gargoyle (D:11)
  An unseen horror (D:10)
  A komodo dragon (D:11)
  A hornet (D:9)
  2 trolls
  3 yaks (D:11)
  2 wyverns
  2 wraiths
  A vampire (D:12)
  Sigmund (D:5)
  A steam dragon (D:6)
  2 vampire mosquitoes (D:11)
  2 acid dragons
  3 water moccasins (D:6)
  A black bear (D:5)
  5 orc warriors
  2 ice beasts
  3 necrophages
  2 ogres
  4 centaurs
  A phantom (D:6)
  4 lemures (D:8)
  2 bullfrogs
  A scorpion (D:6)
  A wyvern zombie (D:9)
  A water moccasin zombie (D:5)
  2 water moccasin skeletons
  13 wights
  9 killer bees (D:8)
  An electric eel (D:7)
  6 howler monkeys
  A bullfrog zombie (D:5)
  2 centaur zombies
  A crimson imp (D:12)
  3 hounds (D:5)
  A gnoll shaman (D:8)
  7 orc priests
  A centaur skeleton (D:6)
  Terence (D:2)
  An iguana (D:7)
  7 orc wizards
  A hound zombie (D:5)
  2 howler monkey zombies
  17 gnolls
  2 adders
  A white imp (D:7)
  An ufetubus (D:6)
  A worm (D:2)
  4 dart slugs
  39 orcs
  6 endoplasms
  3 giant cockroaches
  3 goblins
  5 hobgoblins
  4 jackals (D:2)
  3 kobolds
  7 quokkas
  10 ball pythons
  5 bats
  4 frilled lizards
  3 rats
231 creatures vanquished.

Vanquished Creatures (others)
  3 plants (D:11)
3 creatures vanquished.

Grand Total: 234 creatures vanquished

Notes
Turn   | Place    | Note
-------+----------+-------------------------------------------
     0 | D:1      | Cykl0x the Gargoyle Earth Elementalist began the quest for
                  | the Orb.
     0 | D:1      | Reached XP level 1. HP: 10/10 MP: 3/3
   185 | D:1      | Reached XP level 2. HP: 15/15 MP: 1/5
   623 | D:1      | Reached skill level 1 in Conjurations
   873 | D:1      | Reached XP level 3. HP: 19/19 MP: 4/6
   880 | D:1      | Learned a level 3 spell: Stone Arrow
  1175 | D:2      | Found a bloodstained altar of Trog.
  1281 | D:2      | Noticed Terence
  1354 | D:2      | Killed Terence
  1355 | D:2      | Reached XP level 4. HP: 14/24 MP: 0/8
  2169 | D:2      | Reached skill level 5 in Earth Magic
  3035 | D:4      | Noticed a necrophage
  3038 | D:4      | Killed a necrophage
  3039 | D:4      | Reached skill level 2 in Conjurations
  3039 | D:4      | Reached XP level 5. HP: 28/28 MP: 1/10
  3231 | D:4      | Found Ivvegh's Jewellery Boutique.
  3693 | D:4      | Reached skill level 3 in Conjurations
  3693 | D:4      | Reached XP level 6. HP: 27/32 MP: 1/11
  4094 | D:5      | Entered Level 5 of the Dungeon
  4209 | D:5      | Reached skill level 4 in Conjurations
  4209 | D:5      | Reached XP level 7. HP: 25/36 MP: 1/12
  4491 | D:5      | Found Useuqiot's General Store.
  4498 | D:5      | Bought a potion of cancellation for 88 gold pieces
  4520 | D:5      | Found a staircase to the Ecumenical Temple.
  4618 | D:5      | Reached skill level 1 in Long Blades
  4720 | D:5      | Noticed a wyvern
  4728 | D:5      | Killed a wyvern
  4745 | Temple   | Entered the Ecumenical Temple
  4995 | Temple   | Became a worshipper of Vehumet
  5413 | D:5      | Reached skill level 5 in Conjurations
  5418 | D:5      | Reached XP level 8. HP: 42/42 MP: 2/15
  5669 | D:5      | Noticed Sigmund
  5674 | D:5      | Killed Sigmund
  5675 | D:5      | Reached skill level 1 in Fighting
  5675 | D:5      | Reached skill level 5 in Spellcasting
  5982 | D:6      | Reached skill level 6 in Conjurations
  6182 | D:6      | Reached skill level 1 in Armour
  6495 | D:6      | Identified the +1 leather armour of Compassion {*Slow Str+6
                  | Int+7}
  6562 | D:6      | Reached skill level 7 in Conjurations
  6562 | D:6      | Reached XP level 9. HP: 47/47 MP: 7/17
  7729 | D:7      | Found Hahunoch's Distillery.
  7770 | D:7      | Bought a potion of degeneration for 10 gold pieces
  7770 | D:7      | Bought a potion of heal wounds for 50 gold pieces
  7783 | D:7      | Found a burning altar of Makhleb.
  7796 | D:7      | Reached skill level 8 in Conjurations
  7889 | D:7      | Found Ariptu's Weapon Boutique.
  8920 | D:8      | Reached * piety under Vehumet
  8920 | D:8      | Offered knowledge of Freeze by Vehumet.
  9041 | D:8      | Found a flagged portal.
  9052 | Bailey   | Entered a bailey
  9373 | Bailey   | Reached skill level 9 in Conjurations
  9382 | Bailey   | Reached XP level 10. HP: 44/53 MP: 5/20
  9847 | D:8      | Noticed Pikel
 10178 | D:8      | Killed Pikel
 10205 | D:8      | Reached ** piety under Vehumet
 10207 | D:8      | Offered knowledge of Scorch by Vehumet.
 10452 | D:8      | Noticed Joseph
 10470 | D:8      | Killed Joseph
 10983 | D:8      | Learned a level 1 spell: Magic Dart
 11311 | D:8      | Found Uluwk's Armour Shop.
 11541 | D:9      | Found Uposaw's Jewellery Shop.
 11558 | D:9      | Reached skill level 10 in Conjurations
 11770 | D:9      | Found a staircase to the Orcish Mines.
 12140 | D:9      | Reached skill level 1 in Shields
 12359 | D:9      | Found Rierucil's Assorted Antiques.
 12365 | D:9      | Bought a scroll labelled CAILERHIJY for 38 gold pieces
 12365 | D:9      | Bought a scroll of identify for 76 gold pieces
 12365 | D:9      | Bought a scroll of identify for 76 gold pieces
 12526 | D:10     | Entered Level 10 of the Dungeon
 12883 | D:10     | Killed an unseen horror
 12884 | D:10     | Reached skill level 10 in Earth Magic
 12884 | D:10     | Reached XP level 11. HP: 17/59 MP: 6/22
 13654 | D:11     | Offered knowledge of Frozen Ramparts by Vehumet.
 14219 | D:11     | Noticed a cyclops
 14226 | D:11     | Reached *** piety under Vehumet
 14230 | D:11     | Killed a cyclops
 14594 | D:11     | Found a staircase to the Lair.
 14611 | D:11     | Reached skill level 11 in Conjurations
 14869 | D:12     | Noticed an obsidian statue
 15011 | D:12     | Found Keowia's Jewellery Shop.
 15065 | D:12     | Noticed a soul eater
 15126 | D:12     | Noticed a seven-headed hydra
 15133 | D:12     | Killed a seven-headed hydra
 15133 | D:12     | Mangled by a shadow

Illustrated notes

Levels and vault maps discovered:
D:1:      lemuel_arrival_muddy, layout_basic
D:2:      layout_loops_ring, basic_altar, uniq_terence
D:3:      layout_rooms, minmay_misc_feat_ornament
D:4:      wander_river, layout_basic, serial_shops, nicolae_stop_n_shop_1,
          serial_curves, eino_curves_01, eino_curves_03, eino_curves_01,
          eino_curves_03
D:5:      layout_basic, minmay_temple_entry_statues, serial_shops,
          nicolae_shop_crystal, chequers_serial_rivers_micro_b, uniq_sigmund
D:6:      layout_loops_corners, kennysheep_decorative_pillar, feat_on_display
D:7:      layout_gridville, mainiacjoe_overflow_paths, serial_shops,
          nicolae_stop_n_shop_1, nicolae_inconvenience_store, kennysheep_donut,
          st_stairs_9
D:8:      layout_basic, enter_bailey_4, serial_shops, nicolae_shop_stone,
          uniq_joseph, uniq_pikel
D:9:      layout_roguey, orc_0_dummy, serial_shops, shop, shop_fountains
D:10:     layout_gridville
D:11:     layout_small_grid, david_lair_shrubbed
D:12:     kennysheep_four_of_diamonds, layout_rooms, serial_shops, shop,
          special_room [special_room_orc], hangedman_devilish_allure
Temple:   dpeg_three_leaves_temple

Skill      XL: |  1  2  3  4  5  6  7  8  9 10 11 |
---------------+----------------------------------+-----
Earth Magic    | 4 5 6 7 8 10 | 10.7
Conjurations   | 1 2 3 4 5 7 9 10 11 | 11.0
Spellcasting   | 3 4 5 6 7 8 |  8.3
Long Blades    | 1 2 3 |  3.2
Dodging        | 2 3 |  3.8
Fighting       | 1 2 4 |  4.2
Armour         | 2 |  2.9
Shields        | 1 |  1.9
Stealth        | |  2.1
Transmutations | |  0.7

Action                   |  1- 3 |  4- 6 |  7- 9 | 10-12 || total
-------------------------+-------+-------+-------+-------++-------
Melee: Dagger            |     5 |     1 |       |       ||     6
       Long sword        |       |    20 |    15 |       ||    35
       Scimitar          |       |       |    12 |    70 ||    82
 Cast: Sandblast         |    42 |    17 |    16 |    28 ||   103
       Stone Arrow       |     2 |    27 |   113 |   150 ||   292
       Magic Dart        |       |       |       |    12 ||    12
  Use: Scroll            |     1 |     3 |     2 |     8 ||    14
       Potion            |       |       |       |     3 ||     3
Armor: Robe              |     3 |    10 |     3 |       ||    16
       Ring mail         |       |       |     9 |       ||     9
       Steam dragon scal |       |       |    42 |    92 ||   134
Dodge: Dodged            |    11 |    16 |    52 |   116 ||   195
Block: Other             |       |       |       |    14 ||    14
       Reflection        |       |       |       |     2 ||     2
